 Dungeon Crawl Stone Soup version 0.30-a0-777-ga9a30cbeda (webtiles) character file.

Game seed: 3518134806444575564

16384 testman the Grappler (level 12, -3/126 HPs)
             Began as a Troll Monk on Feb 13, 2023.
             Was a High Priest of Nemelex Xobeh.
             Slain by a vampire (7 damage)
             ... on level 11 of the Dungeon.
             The game lasted 00:38:16 (8717 turns).

testman the Grappler (Troll Monk)                   Turns: 8717, Time: 00:38:17

Health: -3/126     AC: 12    Str: 26    XL:     12   Next: 9%
Magic:  18/18      EV:  9    Int: 12    God:    Nemelex Xobeh [*****.]
Gold:   508        SH:  0    Dex: 12    Spells: 11/11 levels left

rFire   . . .      SeeInvis .      - Unarmed
rCold   . . .      Faith    +    (no shield)
rNeg    . . .      Spirit   .    H - +0 swamp dragon scales
rPois   +          Reflect  .    (helmet restricted)
rElec   .          Harm     .    K - +2 cloak
rCorr   .          Rampage  .    (gloves unavailable)
Will    .....                    (boots unavailable) Stlth
                                 B - amulet of faith
HPRegen 1.21/turn                C - +6 ring of intelligence
MPRegen 0.16/turn                (no ring)

@: confused
A: large, unfitting armour, claws 3, regeneration 1, shaggy fur 1, tough skin 1
a: Renounce Religion, Draw Escape, Draw Destruction, Draw Summoning, Draw Stack,
Triple Draw, Deal Four, Stack Five


You were on level 11 of the Dungeon.
You worshipped Nemelex Xobeh.
Nemelex Xobeh was extremely pleased with you.
You visited 1 branch of the dungeon, and saw 11 of its levels.
You also visited: Sewer.

You collected 633 gold pieces.
You spent 125 gold pieces at shops.

Inventory:

Missiles
 m - 5 curare-tipped darts
 n - 28 poisoned darts (quivered)
 D - a boomerang
Armour
 H - +0 swamp dragon scales (worn)
 K - a +2 cloak (worn)
Jewellery
 B - an amulet of faith (around neck)
 C - a +6 ring of intelligence (left claw)
Wands
 a - a wand of flame (12)
 y - a wand of digging (14)
 A - a wand of mindburst (28)
 E - a wand of acid (9)
 I - a wand of roots (10)
Scrolls
 e - 2 scrolls of amnesia
 f - a scroll of noise {unknown}
 g - a scroll of brand weapon {unknown}
 h - 2 scrolls of summoning
 j - 4 scrolls of enchant weapon {unknown}
 o - 4 scrolls of teleportation {unknown}
 p - 4 scrolls of fog {unknown}
 q - a scroll of magic mapping {unknown}
 r - 4 scrolls of enchant armour {unknown}
 t - 3 scrolls of fear {unknown}
 v - 2 scrolls of immolation {unknown}
 z - a scroll of blinking {unknown}
Potions
 b - 2 potions of ambrosia
 c - 4 potions of mutation
 d - 5 potions of attraction
 i - a potion of brilliance
 l - 7 potions of curing
 s - a potion of haste
 u - 2 potions of resistance
 w - 2 potions of magic
 x - 2 potions of might
 J - a potion of lignification


   Skills:
 + Level 10.1 Fighting
 - Level 2.4 Dodging
 - Level 1.0 Stealth
 + Level 12.0 Unarmed Combat
 + Level 10.5 Invocations


You had 11 spell levels left.
You didn't know any spells.
Your spell library contained the following spells:

 Spells                   Type           Power      Damage    Failure   Level
 Sandblast                Erth           0%         2d4       45%         1
 Call Imp                 Summ           0%         N/A       58%         2
 Passwall                 Tmut/Erth      0%         N/A       58%         2
 Kindle Blastsparks       Fire/Tloc/Air  0%         2d10      83%         3
 Ozocubu's Armour         Ice            0%         N/A       83%         3
 Stone Arrow              Conj/Erth      0%         3d7       83%         3
 Summon Guardian Golem    Hex/Summ       0%         N/A       83%         3
 Fulminant Prism          Conj/Hex       0%         3d5       99%         4
 Iskenderun's Mystic Bla  Conj/Tloc      0%         2d3       99%         4
 Lee's Rapid Deconstruct  Erth           0%         3d4*      100%        5
 Summon Mana Viper        Hex/Summ       0%         N/A       100%        5
 Orb of Destruction       Conj           0%         9d5       100%        7
 Ozocubu's Refrigeration  Ice            0%         4d7       100%        7
 Spellforged Servitor     Conj/Summ      0%         N/A       100%        7


Dungeon Overview and Level Annotations

Branches:
Dungeon (11/15)            Temple (0/1) D:7            Lair (0/5) D:9
  Sewer (visited)
    Orc: D:9-12

Altars:
Ashenzari
Cheibriados
Dithmenos
Gozag
Hepliaklqana
Kikubaaqudgha
Makhleb
Nemelex Xobeh
Okawaru
Ru
Wu Jian
Yredelemnul

Shops:
D:7 *[


Innate Abilities, Weirdness & Mutations

You are too large for most types of armour.
You have claws for hands.
Your natural rate of healing is unusually fast.
You are covered in fur. (AC +1)
You have tough skin. (AC +1)


Message History

Something hits you. Something bites you.
Something draws strength from your injuries!
Something hits you!
* * * LOW HITPOINT WARNING * * *
Something bites you but does no damage. Something hits you.
* * * LOW HITPOINT WARNING * * *
Something bites you but does no damage.
You closely miss something. Something hits you!
* * * LOW HITPOINT WARNING * * *
Something bites you!
* * * LOW HITPOINT WARNING * * *
Something draws strength from your injuries!
You mangle something!!
You feel less confused. Something hits you.
* * * LOW HITPOINT WARNING * * *
Something bites you but does no damage.
You closely miss something.
You hear some strange, mumbled words.
Something tries to affect you, but you resist.
You draw a card...
You have drawn the Cloud.
Clouds appear around you! Something hits you but does no damage.
Something bites you!
* * * LOW HITPOINT WARNING * * *
Something draws strength from your injuries!
You hear some strange, mumbled words.
You are confused.
Something hits you but does no damage. Something bites you but does no damage.
You closely miss something. Something hits you.
* * * LOW HITPOINT WARNING * * *
Something bites you.
* * * LOW HITPOINT WARNING * * *
Something draws strength from your injuries!
Something hits you but does no damage. Something bites you!
* * * LOW HITPOINT WARNING * * *
Something draws strength from your injuries!
You're too confused to move!
Something hits you but does no damage. Something bites you!
You die...
Your body glows with a rainbow of weird colours and disappears.

P.~~~.# #..#
.~~~~.####..# ..
.~~~~.......# ....
.~~~........# ....
P..~P.......#########....
.........................
...#####.................
##.# #............# .#.#
#.P.P####@{..# .#.#
#.......#....# .#.#
#P......#....# .#.#
#.......#....# .#.#
#..#....#P...# .#.#
#..#....#.....# .#.#
#..#....#?......
##.#####..#....#PP..####
..........#....#...##


There were no monsters in sight!

Vanquished Creatures
  Erica (D:8)
  A death yak (D:8)
  2 two-headed ogres (D:10)
  Pikel (D:5)
  Maurice (D:8)
  5 centaur zombies (D:11)
  Maggie (D:8)
  Joseph (D:8)
  An unseen horror (D:10)
  A troll (D:10)
  A hornet (D:10)
  A meliai zombie (D:11)
  3 wyverns
  2 wraiths (D:11)
  3 shadows
  4 vampires
  4 yaks (D:10)
  A steam dragon (D:7)
  Edmund (D:5)
  2 acid dragons
  A water moccasin (D:7)
  3 sky beasts
  2 black bears
  5 orc warriors
  An ice beast (D:7)
  2 ogres (D:5)
  3 centaurs
  2 phantoms (D:4)
  6 kobold brigands
  2 gnoll sergeants
  Blork the orc (D:5)
  3 bullfrogs
  2 necrophages
  4 scorpions
  12 wights
  10 killer bees
  7 howler monkeys
  3 hounds
  A jelly (D:9)
  8 orc priests
  Crazy Yiuf (D:2)
  5 iguanas
  18 orc wizards
  2 hell rats (D:9)
  8 gnolls
  18 adders
  3 river rats
  An ufetubus (D:4)
  5 worms
  36 orcs
  14 ball pythons
  4 bats
  3 endoplasms
  3 giant cockroaches (D:3)
  5 hobgoblins
  15 jackals
  7 quokkas
  6 frilled lizards
  5 goblins
  10 kobolds
  9 rats
293 creatures vanquished.

Vanquished Creatures (collateral kills)
  2 death yaks (D:9)
  The ghost of themarg the Severer, a novice HOFi of Cheibriados (D:7)
  An orc warrior (D:9)
  A kobold brigand (D:7)
  2 orc wizards (D:9)
  2 orcs (D:9)
  2 ball pythons (Sewer)
  A jackal (Sewer)
  3 kobolds (D:7)
15 creatures vanquished.

Vanquished Creatures (others)
  A human (D:8)
  12 plants (Sewer)
13 creatures vanquished.

Grand Total: 321 creatures vanquished

Notes
Turn   | Place    | Note
-------+----------+-------------------------------------------
     0 | D:1      | testman the Troll Monk began the quest for the Orb.
     0 | D:1      | Reached XP level 1. HP: 22/22 MP: 0/0
   451 | D:1      | Reached XP level 2. HP: 29/29 MP: 1/1
   781 | D:2      | Found a sparkling altar of Nemelex Xobeh.
   789 | D:2      | Became a worshipper of Nemelex Xobeh the Trickster
   789 | D:2      | Reached * piety under Nemelex Xobeh
   789 | D:2      | Received a gift from Nemelex Xobeh
   789 | D:2      | Reached ** piety under Nemelex Xobeh
   868 | D:2      | Reached XP level 3. HP: 34/37 MP: 2/2
  1193 | D:2      | Received a gift from Nemelex Xobeh
  1243 | D:2      | Found a runed translucent door.
  1244 | D:2      | Noticed Crazy Yiuf
  1249 | D:2      | Killed Crazy Yiuf
  1250 | D:2      | Reached skill level 1 in Invocations
  1250 | D:2      | Reached XP level 4. HP: 45/45 MP: 3/3
  1587 | D:3      | Found a glowing drain.
  1608 | D:3      | Reached skill level 4 in Unarmed Combat
  1624 | Sewer    | Entered a sewer
  1628 | Sewer    | Noticed a kobold brigand
  1646 | Sewer    | Killed a kobold brigand
  1647 | Sewer    | Reached XP level 5. HP: 50/54 MP: 5/5
  1716 | Sewer    | Reached XP level 6. HP: 54/62 MP: 6/6
  1788 | Sewer    | Reached skill level 5 in Unarmed Combat
  1971 | Sewer    | Reached XP level 7. HP: 65/71 MP: 8/8
  2289 | D:3      | Found a shadowy altar of Dithmenos.
  2678 | D:3      | Reached *** piety under Nemelex Xobeh
  3095 | D:4      | Identified the +5 hand axe of Hivogavi {flame, Str+5 Int-2}
  3153 | D:4      | Reached skill level 6 in Unarmed Combat
  3297 | D:4      | Reached skill level 5 in Fighting
  3316 | D:4      | Reached XP level 8. HP: 35/80 MP: 10/10
  3505 | D:5      | Entered Level 5 of the Dungeon
  3528 | D:5      | Noticed Blork the orc
  3533 | D:5      | Killed Blork the orc
  3679 | D:5      | Noticed Pikel
  3692 | D:5      | Killed Pikel
  3693 | D:5      | Reached skill level 7 in Unarmed Combat
  3693 | D:5      | Reached skill level 5 in Invocations
  3763 | D:5      | Found a broken altar of Ashenzari.
  3772 | D:5      | Noticed Edmund
  3785 | D:5      | Killed Edmund
  3786 | D:5      | Reached XP level 9. HP: 76/89 MP: 12/12
  4026 | D:5      | Received a gift from Nemelex Xobeh
  4133 | D:5      | Reached **** piety under Nemelex Xobeh
  4283 | D:6      | Identified the +3 whip of Kedater {flame, rF+}
  4304 | D:6      | Reached skill level 8 in Unarmed Combat
  4363 | D:6      | Received a gift from Nemelex Xobeh
  4782 | D:7      | Found Renuheesm's Antique Armour Shop.
  4787 | D:7      | Bought an embroidered robe for 125 gold pieces
  4826 | D:7      | Found Sykeetan's Serpentskin Sales.
  4967 | D:7      | Found a runed translucent door.
  4971 | D:7      | Noticed themarg's ghost (novice HOFi)
  4998 | D:7      | Found a basalt altar of Yredelemnul.
  5000 | D:7      | Received a gift from Nemelex Xobeh
  5407 | D:7      | Reached skill level 9 in Unarmed Combat
  5513 | D:7      | Found a staircase to the Ecumenical Temple.
  5647 | D:7      | Killed themarg's ghost
  5648 | D:7      | Reached XP level 10. HP: 104/104 MP: 14/14
  5692 | D:8      | Noticed Maggie
  5697 | D:8      | Killed Maggie
  5828 | D:8      | Found a sacrificial altar of Ru.
  6007 | D:8      | Got the Spellbook of Attendants
  6081 | D:8      | Found an ancient bone altar of Kikubaaqudgha.
  6096 | D:8      | Received a gift from Nemelex Xobeh
  6119 | D:8      | Noticed Erica
  6125 | D:8      | Killed Erica
  6126 | D:8      | Reached skill level 10 in Unarmed Combat
  6264 | D:8      | Noticed Maurice
  6278 | D:8      | Killed Maurice
  6347 | D:8      | Found an ornate altar of the Wu Jian Council.
  6432 | D:8      | Noticed Joseph
  6435 | D:8      | Killed Joseph
  6525 | D:8      | Reached ***** piety under Nemelex Xobeh
  6764 | D:8      | Identified the +7 rapier of the Dwarven Hall {drain, rC+
                  | Will+ Dex+2 SInv}
  6819 | D:9      | Received a gift from Nemelex Xobeh
  6827 | D:9      | Found a hazy altar of Hepliaklqana.
  6863 | D:9      | Reached XP level 11. HP: 105/113 MP: 16/16
  6884 | D:9      | Noticed a death yak
  6886 | D:9      | Noticed a death yak
  6916 | D:8      | Killed a death yak
  6952 | D:9      | Noticed a death yak
  6959 | D:9      | Killed a death yak
  6961 | D:9      | Killed a death yak
  7065 | D:9      | Found a staircase to the Lair.
  7189 | D:9      | Found a snail-covered altar of Cheibriados.
  7190 | D:9      | Found an opulent altar of Gozag.
  7201 | D:9      | Reached skill level 11 in Unarmed Combat
  7352 | D:9      | Received a gift from Nemelex Xobeh
  7637 | D:10     | Entered Level 10 of the Dungeon
  7699 | D:10     | Noticed a two-headed ogre
  7702 | D:10     | Killed a two-headed ogre
  7804 | D:10     | Received a gift from Nemelex Xobeh
  7830 | D:10     | Found a large runed translucent door.
  7831 | D:10     | Found a large runed translucent door.
  7841 | D:10     | Found a burning altar of Makhleb.
  7851 | D:10     | Found an iron altar of Okawaru.
  8019 | D:10     | Noticed a two-headed ogre
  8025 | D:10     | Killed a two-headed ogre
  8026 | D:10     | Reached skill level 10 in Invocations
  8490 | D:11     | Reached skill level 10 in Fighting
  8514 | D:11     | Reached XP level 12. HP: 73/126 MP: 18/18
  8669 | D:11     | Reached skill level 12 in Unarmed Combat
  8716 | D:11     | HP: 3/126 [something (8)]
  8717 | D:11     | Slain by a vampire

Illustrated notes

Levels and vault maps discovered:
D:1:      lordsloth_arrival_two_stooges, layout_basic
D:2:      layout_basic, serial_rivers, chequers_serial_rivers_micro_d,
          chequers_serial_rivers_large_a, chequers_serial_rivers_room_a,
          chequers_serial_rivers_micro_e, chequers_serial_rivers_micro_a,
          basic_altar, chequers_serial_rivers_micro_a, nicolae_wormholes,
          uniq_crazy_yiuf_cottage
D:3:      layout_loops_ring, nicolae_dithmenos_the_darkroom,
          gup_sewer_entry_glass, nrook_mini_backslash, palyth_stone_intersect,
          corexii_item_surrounded_by_moat, serial_bayou_ford_a, st_stairs_3
D:4:      layout_rooms, grunt_ministairs_11
D:5:      layout_loops_cross, cheibrodos_ashenzari_chains, uniq_pikel,
          uniq_blork_the_orc, uniq_edmund
D:6:      layout_basic, interstate_on_off
D:7:      layout_loops_ring, mainiacjoe_overflow_cross_hatched, temple_hall,
          hellmonk_ghost_happy_afterlife, serial_shops,
          nicolae_shop_hallway_plus, guppyfry_shop_venom
D:8:      layout_loops_ring, tgw_kikubaaqudgha, mainiacjoe_overflow_alcove_1,
          nicolae_wu_jian_glorious_leap, nzn_life_drinkers, uniq_maggie,
          uniq_maurice, uniq_erica, uniq_joseph
D:9:      nicolae_cairo_tiling_large, layout_cave_pools,
          chequers_temple_overflow_statue_of_worship,
          mainiacjoe_overflow_concentric_impassable, dpeg_lair_monsters
D:10:     layout_loops_cross, jmf_multi_god_temple2
D:11:     layout_irregular_city, serial_undead, serial_undead_b,
          serial_undead_d, serial_undead_d, serial_undead_b, serial_undead_c,
          serial_undead_b, serial_undead_e, serial_undead_f, serial_undead_e,
          serial_undead_d

Skill      XL: |  1  2  3  4  5  6  7  8  9 10 11 12 |
---------------+-------------------------------------+-----
Fighting       | 3 4 5 6 7 8 10 | 10.1
Invocations    | 1 2 3 4 5 7 8 10 | 10.5
Unarmed Combat | 4 5 6 7 9 10 11 12 | 12.0
Dodging        | |  2.4
Stealth        | |  1.0

Action                     |  1- 3 |  4- 6 |  7- 9 | 10-12 || total
---------------------------+-------+-------+-------+-------++-------
  Melee: Unarmed           |    78 |    85 |   325 |   405 ||   893
         Punch             |     3 |       |    19 |    23 ||    45
  Throw: Dart              |       |       |     3 |     7 ||    10
 Invoke: Draw Destruction  |     1 |     2 |     5 |    17 ||    25
         Draw Summoning    |       |     1 |     1 |     1 ||     3
         Draw Escape       |       |       |       |     3 ||     3
         Triple Draw       |       |       |       |     1 ||     1
         Stack Five        |       |       |       |     1 ||     1
    Use: Scroll            |       |       |       |    13 ||    13
         Potion            |       |       |       |     3 ||     3
   Stab: Sleeping          |     6 |       |     2 |       ||     8
         Distracted        |       |       |       |     1 ||     1
 Armour: Robe              |    29 |    30 |    73 |       ||   132
         Swamp dragon scal |       |       |       |   257 ||   257
  Dodge: Dodged            |    32 |    30 |   131 |   172 ||   365

Table legend: (Time is in decaauts)
 A = Elapsed time spent in this place.
 B = Non-inter-level travel time spent in this place.
 C = Inter-level travel time spent in this place.
 D = Time resting spent in this place.
 E = Time spent auto-exploring this place.
 F = Levels seen in this place.
 G = Mean time per level.
                   A        B        C        D        E       F      G
               +--------+--------+--------+--------+--------+-----+--------+
         Total |   8591 |   8077 |    514 |     50 |   6183 |  12 |  715.9 |
       Dungeon |   7944 |   7430 |    514 |     50 |   5678 |  11 |  722.2 |
         Sewer |    646 |    646 |      0 |      0 |    505 |   1 |  646.0 |
               +--------+--------+--------+--------+--------+-----+--------+

Top non-repeatable levels by time:
     D:8: 1147 daAuts
     D:2: 1080 daAuts
     D:7: 909 daAuts
     D:9: 749 daAuts
    D:10: 721 daAuts
     D:5: 692 daAuts
     D:3: 655 daAuts
   Sewer: 646 daAuts
     D:4: 593 daAuts
     D:6: 562 daAuts
     D:1: 501 daAuts
    D:11: 331 daAuts
